 Dungeon Crawl Stone Soup version 0.17-a0-1642-gd4b747b (webtiles) character file.

233 karlkraus the Covered (level 5, 0/70 HPs)
             Began as a Minotaur Fighter on Aug 8, 2015.
             Slain by an orc warrior
             ... wielding a +0 trident
              (10 damage)
             ... on level 3 of the Dungeon.
             The game lasted 00:04:02 (1970 turns).

karlkraus the Covered (Minotaur Fighter)            Turns: 1970, Time: 00:04:02

Health: 0/70       AC: 22    Str: 21    XL:     5   Next: 74%
Magic:  4/4        EV:  2    Int:  5    God:
Gold:   172        SH: 10    Dex: 14    Spells: 0 memorised, 4 levels left

rFire  . . .     SeeInvis .     a - +0 flail
rCold  . . .     Clarity  .     (armour currently unavailable)
rNeg   + + +     SustAt   .     q - +0 shield
rPois  +         Gourm    .     (helmet currently unavailable)
rElec  .         Spirit   .     (cloak currently unavailable)
rCorr  .         Warding  .     (gloves currently unavailable)
rMut   .         NoTele   +     (boots currently unavailable)
MR     .....                    (no amulet)
Stlth  +.........               (no ring)
                                j - +4 ring of dexterity

@: tree-form, very slightly contaminated, hasted, very quick, not resistant to
hostile enchantments, very unstealthy
A: (retaliatory headbutt), (horns 0)
a: no special abilities


You were on level 3 of the Dungeon.
You were hungry.
You were a tree.
You visited 1 branch of the dungeon, and saw 3 of its levels.

You collected 172 gold pieces.

Inventory:

Hand weapons
 a - a +0 flail (weapon)
 s - a cursed +1 morningstar of freezing
Armour
 b - a +0 pair of boots (melded)
 h - a +0 plate armour (melded)
 q - a +0 shield (worn)
Jewellery
 j - a +4 ring of dexterity (left branch)
Magical devices
 c - a wand of confusion (19)
Scrolls
 f - a scroll of noise {unknown}
 g - a scroll of magic mapping {unknown}
 i - a scroll of recharging {unknown}
 l - a scroll of teleportation {unknown}
 n - a scroll of fear {unknown}
 p - 3 scrolls of identify {unknown}
 r - 2 scrolls of fog {unknown}
Potions
 d - a potion of might
 k - a potion of haste
 t - a potion of heal wounds {unknown}
Comestibles
 e - a bread ration
 m - 3 fruits


   Skills:
 + Level 4.4 Fighting
 + Level 3.9 Maces & Flails
 + Level 5.3 Armour
 + Level 0.7 Dodging
 + Level 5.2 Shields


You had 4 spell levels left.
You didn't know any spells.

Dungeon Overview and Level Annotations

Branches:
Dungeon (3/15)

Altars:


Innate Abilities, Weirdness & Mutations

((You reflexively headbutt those who attack you in melee.))
((You have a pair of horns on your head.))


Message History

You are too injured to fight recklessly!
You are too injured to fight recklessly!
You are too injured to fight recklessly!
You hit the orc warrior but do no damage.
Your headbutt misses the orc warrior.
The orc warrior is moderately wounded.
The orc warrior hits you with a trident.
* * * LOW HITPOINT WARNING * * *
The orc warrior hits you with a trident.
* * * LOW HITPOINT WARNING * * *
Drink which item? (? for menu, Esc to quit)
It was a potion of haste.
You feel yourself speed up.
You are very lightly contaminated with residual magic.
Drink which item? (? for menu, Esc to quit)
It was a potion of lignification.
You turn into a tree.
Your +0 pair of boots melds into your body.
Your +0 plate armour melds into your body.
Your roots penetrate the ground.
The orc warrior hits you with a trident!
You die...

##...# #...#
##††.## #...#
##...## #######
##...## #..#
##...## #..#
#...## #..# ##...#
#..#### #...##
#...... #.♣.#
#..#### #..o##
#..# #...# #..#
#...# ######..#
....######.......#
....# #..........#
....# #..........#
.).. #..........#
#..........####


You could see an orc warrior.

Vanquished Creatures
  3 wights (D:3)
  4 adders
  An ooze (D:2)
  A worm (D:2)
  3 orcs (D:3)
  A ball python (D:2)
  6 bats
  7 giant cockroaches
  9 hobgoblins
  5 kobolds
  4 quokkas
  2 giant geckos
  2 giant newts
  5 goblins
  8 jackals (D:3)
  6 rats
67 creatures vanquished.

Notes
Turn   | Place    | Note
--------------------------------------------------------------
     0 | D:1      | karlkraus the Minotaur Fighter began the quest for the Orb.
     0 | D:1      | Reached XP level 1. HP: 19/19 MP: 0/0
   200 | D:1      | Reached XP level 2. HP: 27/27 MP: 1/1
   487 | D:1      | Reached skill level 4 in Armour
   996 | D:2      | Reached XP level 3. HP: 30/33 MP: 2/2
  1147 | D:2      | Reached XP level 4. HP: 37/40 MP: 3/3
  1815 | D:3      | Reached skill level 5 in Armour
  1815 | D:3      | Reached XP level 5. HP: 40/47 MP: 4/4
  1825 | D:3      | Reached skill level 5 in Shields
  1956 | D:3      | Noticed an orc warrior
  1970 | D:3      | Slain by an orc warrior

Vault maps used:
D:1:      dpeg_arrival_shelter
D:3:      nicolae_overflow_hidden_temple, first_bread, serial_curves,
          eino_curves_03, eino_curves_01, kennysheep_small_spiral, st_stairs_10

Action                   |  1- 3 |  4- 6 || total
-------------------------+-------+-------++-------
Melee: Flail             |    71 |   109 ||   180
  Use: Potion            |       |     2 ||     2
  Eat: Chunk             |       |     3 ||     3
